 Dungeon Crawl Stone Soup version 0.18-a0-775-g4d9e04e (webtiles) character file.

22026 tof the Cruncher (level 12, 0/108 HPs)
             Began as a Minotaur Monk on Dec 13, 2015.
             Was an Elder of Okawaru.
             Slain by a harpy simulacrum (5 damage)
             ... in an ice cave.
             The game lasted 01:15:47 (15389 turns).

tof the Cruncher (Minotaur Monk)                   Turns: 15389, Time: 01:15:47

Health: 0/108      AC: 38    Str: 16    XL:     12   Next: 59%
Magic:  14/14      EV:  8    Int: 10    God:    Okawaru [****..]
Gold:   770        SH:  0    Dex: 18    Spells: 0 memorised, 11 levels left

rFire  . . .     SeeInvis .     a - +4 quarterstaff (drain)
rCold  + . .     Clarity  .     T - +9 crystal plate armour of the Fisher {Int+3}
rNeg   . . .     SustAt   .     (shield currently unavailable)
rPois  .         Gourm    +     (helmet restricted)
rElec  .         Spirit   .     i - +0 cloak
rCorr  .         Dismiss  .     (no gloves)
rMut   .         Stasis   .     Y - +2 pair of boots
MR     .....                    d - amulet of the gourmand
Stlth  ..........               Q - ring of protection from cold
                                D - ring of wizardry

@: about to teleport, heroism, very slightly contaminated, hasted, very quick,
not resistant to hostile enchantments, extremely unstealthy
A: retaliatory headbutt, horns 2
a: Heroism, Renounce Religion


You were in an ice cave.
You worshipped Okawaru.
Okawaru was greatly pleased with you.
You were full.

You visited 3 branches of the dungeon, and saw 14 of its levels.
You also visited: Ice Cave.

You collected 770 gold pieces.

Inventory:

Hand Weapons
 a - a +4 quarterstaff of draining (weapon)
 b - the +7 arbalest of Execution {venom, MR+ Dex+3}
   (You found it in an ice cave)

   It poisons the ammo it fires.
   It affects your dexterity (+3).
   It affects your resistance to hostile enchantments.
 j - a +1 mace of crushing
 k - a +0 mace of draining
 l - a +1 mace of protection
 v - a +2 whip of freezing
 F - a +2 mace of protection
 W - a +0 lajatang
Missiles
 A - 5 tomahawks (quivered)
Armour
 e - a +0 pair of boots
 g - a +0 scale mail
 i - a +0 cloak (worn)
 w - a +2 robe of magic resistance
 C - a +1 robe
 G - a +6 scale mail of fire resistance
 H - a +3 leather armour
 R - a troll hide {Snorg}
 T - the +9 crystal plate armour of the Fisher (worn) {Int+3}
   (Okawaru gifted it to you on level 3 of the Lair of Beasts)

   It affects your intelligence (+3).
 Y - a +2 pair of boots (worn)
Jewellery
 d - an amulet of the gourmand (around neck)
 z - an uncursed amulet of clarity
 D - a ring of wizardry (left hand)
 Q - a ring of protection from cold (right hand)
Wands
 f - a wand of random effects (24)
 h - a wand of polymorph (5)
 r - a wand of slowing (14)
 J - a wand of fire (3)
 M - a wand of draining (7)
 P - a wand of disintegration (12)
 U - a wand of lightning (5)
Scrolls
 n - 5 scrolls of teleportation
 t - 6 scrolls of remove curse
 x - a scroll of identify
 y - 3 scrolls of amnesia
 B - a scroll of magic mapping
 V - a scroll of blinking
Potions
 m - 2 potions of curing
 o - a potion of agility
 q - 3 potions of berserk rage
 L - a potion of cancellation
 N - 3 potions of flight
 O - 2 potions of haste
Books
 s - a book of Unlife

   Spells                             Type                      Level
   a - Recall                         Summoning/Translocation      3
   b - Animate Dead                   Necromancy                   4
   c - Control Undead                 Necromancy                   4
   d - Cigotuvi's Embrace             Necromancy                   5
   e - Death Channel                  Necromancy                   6
   f - Simulacrum                     Ice/Necromancy               6
 u - a Grand Grimoire

   Spells                             Type                      Level
   a - Monstrous Menagerie            Summoning                    6
   b - Summon Greater Demon           Summoning                    7
   c - Malign Gateway                 Summoning/Translocation      7
   d - Summon Horrible Things         Summoning                    8
 K - a book of Summonings

   Spells                             Type                      Level
   a - Recall                         Summoning/Translocation      3
   b - Aura of Abjuration             Summoning                    5
   c - Shadow Creatures               Summoning                    5
   d - Summon Demon                   Summoning                    5
   e - Summon Forest                  Summoning/Translocation      5
   f - Summon Mana Viper              Hexes/Summoning              5
 S - a book of Ice

   Spells                             Type                      Level
   a - Ice Form                       Ice/Transmutation            4
   b - Metabolic Englaciation         Hexes/Ice                    5
   c - Ozocubu's Refrigeration        Ice                          6
   d - Bolt of Cold                   Conjuration/Ice              6
   e - Freezing Cloud                 Conjuration/Ice/Air          6
   f - Simulacrum                     Ice/Necromancy               6
Comestibles
 c - 11 bread rations
 p - 2 slices of pizza
 E - 2 meat rations
 I - 2 beef jerkies
 X - 3 fruits


   Skills:
 + Level 10.7(15.7) Fighting
 + Level 11.0(18.1) Maces & Flails
 * Level 11.9(18.5) Staves
 + Level 0.2(5.2) Throwing
 * Level 10.7(15.7) Armour
 + Level 9.1(14.1) Dodging
 + Level 4.5(9.5) Stealth
 + Level 5.2(10.2) Unarmed Combat
 + Level 4.4 Invocations
 + Level 0.1 Evocations


You had 11 spell levels left.
You didn't know any spells.

Dungeon Overview and Level Annotations

Branches:
Dungeon (9/15)             Temple (0/1) D:4            Lair (4/8) D:9
 Shoals (1/4) Lair:4
  Snake: Lair:3-6    Spider: Lair:3-6       Orc: D:9-12

Altars:
Ashenzari
Elyvilon
Gozag
Okawaru
Qazlal
Trog
Xom
Yredelemnul


Innate Abilities, Weirdness & Mutations

You reflexively headbutt those who attack you in melee.
You have a pair of horns on your head.


Message History

The harpy simulacrum closely misses you.
The harpy simulacrum claws you but does no damage.
The harpy simulacrum claws you but does no damage.
The harpy simulacrum barely misses you. The harpy simulacrum barely misses you.
You furiously retaliate!
You headbutt the harpy simulacrum!
The harpy simulacrum claws you but does no damage.
The harpy simulacrum claws you but does no damage.
The harpy simulacrum barely misses you.
Read which item? (? for menu, Esc to quit)
As you read the scroll of teleportation, it crumbles to dust.
You feel strangely unstable.
The harpy simulacrum claws you but does no damage.
The harpy simulacrum barely misses you. x2
The harpy simulacrum claws you but does no damage.
The harpy simulacrum claws you but does no damage. x2
The harpy simulacrum claws you.
* * * LOW HITPOINT WARNING * * *
The harpy simulacrum freezes you. You resist.
You die...

##..# #...###..#####...#...
###.### #.### ##...####....#.
##..#########...# #..###.#######
≈##...##........# ##....#....#
≈≈#..###...⌠...## ###..#####.###
≈≈###..##.....## #≈##......#..#
≈≈ ###...##########≈≈##.#.##..##
≈ #########Z..##≈≈≈≈≈#####... ##
###≈≈##...#@.###≈≈≈≈### ###.
5#####.###...####...##.##..####..
44##.#.4...### ##....#.#.#.#...#
##≈.#....### ##....#.##..#.##
######### ##############


You could see a harpy simulacrum.

Vanquished Creatures
  Snorg (Lair:3)
  3 hydras
  Pikel (D:5)
  2 sea snakes (Shoals:1)
  A deep elf mage (D:9)
  A harpy (Shoals:1)
  A manticore (Shoals:1)
  2 sirens
  3 spiny frogs
  An ice statue (IceCv)
  3 black mambas
  3 komodo dragons
  2 anaconda simulacra (IceCv)
  A fire drake (Lair:3)
  A golden dragon simulacrum (IceCv)
  A wind drake (Shoals:1)
  A freezing wraith (IceCv)
  A wolf spider simulacrum (IceCv)
  5 blink frogs (Lair:3)
  8 yaks
  A spriggan (D:7)
  3 dire elephant simulacra (IceCv)
  Eustachio (D:4)
  2 basilisks (Lair:3)
  3 hippogriffs
  A death yak simulacrum (IceCv)
  2 hungry ghosts (D:8)
  A warg (D:8)
  11 water moccasins
  4 porcupines
  A hydra simulacrum (IceCv)
  3 harpy simulacra (IceCv)
  10 ice beasts
  2 ogres
  A sky beast (D:8)
  A black bear (D:8)
  A wasp (D:8)
  2 orc warriors
  2 slaves (D:5)
  A necrophage (D:6)
  5 crocodiles
  A phantom (D:6)
  An alligator simulacrum (IceCv)
  4 centaurs
  Blork the orc (D:6)
  6 giant frogs
  A water moccasin zombie (D:5)
  8 scorpions
  2 draconian simulacra (IceCv)
  The ghost of Kolbur the Sneak, a weakling KoAs (D:5)
  4 hounds
  5 orc priests
  2 centaur skeletons (D:6)
  Crazy Yiuf (D:2)
  6 jellies
  A giant frog skeleton (D:6)
  Ijyb (D:3)
  10 worker ants
  Jessica (D:3)
  6 iguanas
  2 orc wizards
  6 troll simulacra (IceCv)
  A spriggan simulacrum (IceCv)
  2 centaur simulacra (IceCv)
  2 hound skeletons
  20 river rats
  12 adders
  4 gnolls (D:3)
  5 naga simulacra (IceCv)
  A shadow imp (D:6)
  2 white imps (IceCv)
  10 ufetubi (IceCv)
  2 oozes (D:1)
  An adder skeleton (D:4)
  An adder zombie (D:8)
  4 worms
  5 giant geckos
  30 orcs
  3 ball pythons
  7 giant cockroaches
  7 goblins
  7 hobgoblins
  5 jackals
  6 kobolds
  4 quokkas
  10 bats
  A giant gecko skeleton (D:4)
  5 giant newts
  A jackal zombie (D:6)
  A quokka zombie (D:7)
  7 rats
  18 fungi
  10 plants
364 creatures vanquished.

Vanquished Creatures (others)
  A yak (D:8)
  A giant gecko (D:5)
  3 fungi
5 creatures vanquished.

Grand Total: 369 creatures vanquished

Notes
Turn   | Place    | Note
--------------------------------------------------------------
     0 | D:1      | tof the Minotaur Monk began the quest for the Orb.
     0 | D:1      | Reached XP level 1. HP: 19/19 MP: 0/0
   302 | D:1      | Reached XP level 2. HP: 25/27 MP: 1/1
   809 | D:1      | Reached skill level 5 in Unarmed Combat
   809 | D:1      | Reached XP level 3. HP: 28/33 MP: 2/2
  1372 | D:2      | Noticed Crazy Yiuf
  1393 | D:2      | Killed Crazy Yiuf
  1393 | D:2      | Reached XP level 4. HP: 27/40 MP: 0/3
  1769 | D:2      | Reached skill level 1 in Armour
  1786 | D:2      | Reached skill level 1 in Maces & Flails
  2093 | D:3      | Noticed Jessica
  2100 | D:3      | Killed Jessica
  2100 | D:3      | Reached XP level 5. HP: 39/46 MP: 4/4
  2176 | D:3      | Reached skill level 1 in Staves
  2414 | D:3      | Noticed Ijyb
  2425 | D:3      | Killed Ijyb
  2517 | D:3      | Found a shattered altar of Ashenzari.
  2553 | D:3      | Noticed a centaur
  2561 | D:3      | Killed a centaur
  2561 | D:3      | Reached XP level 6. HP: 10/53 MP: 5/5
  3164 | D:4      | Found a white marble altar of Elyvilon.
  3500 | D:4      | Reached XP level 7. HP: 60/60 MP: 6/6
  3518 | D:4      | Noticed Eustachio
  3527 | D:4      | Killed Eustachio
  3527 | D:4      | Reached skill level 5 in Fighting
  3700 | D:4      | Found a staircase to the Ecumenical Temple.
  3807 | D:4      | Reached skill level 5 in Dodging
  3991 | D:4      | Found an iron altar of Okawaru.
  3995 | D:4      | Found a shimmering altar of Xom.
  4268 | D:4      | Reached XP level 8. HP: 68/68 MP: 7/7
  4413 | D:5      | Entered Level 5 of the Dungeon
  4558 | D:5      | Gained mutation: You can translocate small distances at will. [potion of mutation]
  4558 | D:5      | Gained mutation: You are dopey. (Int -2) [potion of mutation]
  4558 | D:5      | Gained mutation: Your flesh is heat resistant. [potion of mutation]
  4569 | D:5      | Noticed Kolbur's ghost (weakling KoAs)
  4583 | D:5      | Killed Kolbur's ghost
  4590 | D:5      | Reached skill level 5 in Staves
  4630 | D:5      | Noticed Pikel
  4638 | D:5      | Killed Pikel
  4638 | D:5      | Reached skill level 6 in Fighting
  4638 | D:5      | Reached skill level 5 in Maces & Flails
  4638 | D:5      | Reached skill level 5 in Armour
  4894 | D:4      | Became a worshipper of Warmaster Okawaru
  4894 | D:4      | Reached * piety under Okawaru
  4894 | D:4      | Reached ** piety under Okawaru
  5516 | D:6      | Noticed Blork the orc
  5525 | D:6      | Killed Blork the orc
  5525 | D:6      | Reached XP level 9. HP: 62/78 MP: 8/8
  5605 | D:6      | Found a stormy altar of Qazlal.
  5655 | D:6      | Found a basalt altar of Yredelemnul.
  5784 | D:6      | Found a bloodstained altar of Trog.
  6640 | D:7      | Reached *** piety under Okawaru
  6642 | D:7      | Reached skill level 7 in Armour
  7469 | D:7      | Found an opulent altar of Gozag.
  8053 | D:8      | Reached XP level 10. HP: 37/85 MP: 6/9
  8314 | D:8      | Reached **** piety under Okawaru
  8868 | D:8      | Reached skill level 1 in Invocations
  8901 | D:8      | Reached skill level 8 in Staves
  9323 | D:9      | Noticed a deep elf mage
  9336 | D:9      | Killed a deep elf mage
  9379 | D:9      | Reached ***** piety under Okawaru
  9421 | D:9      | Found a staircase to the Lair.
  9566 | Lair:1   | Entered Level 1 of the Lair of Beasts
  9619 | Lair:1   | Noticed a black mamba
  9630 | Lair:1   | Killed a black mamba
  9839 | Lair:1   | Reached skill level 9 in Staves
 10705 | Lair:2   | Reached XP level 11. HP: 94/94 MP: 11/11
 10731 | Lair:2   | Noticed an eight-headed hydra
 10747 | Lair:2   | Killed an eight-headed hydra
 11072 | Lair:2   | Lost mutation: Your flesh is heat resistant. [potion of cure mutation]
 11072 | Lair:2   | Lost mutation: You are dopey. (Int -2) [potion of cure mutation]
 11072 | Lair:2   | Lost mutation: You can translocate small distances at will. [potion of cure mutation]
 12172 | Lair:3   | Noticed a six-headed hydra
 12183 | Lair:3   | Killed a six-headed hydra
 12183 | Lair:3   | Reached skill level 10 in Maces & Flails
 12271 | Lair:3   | Noticed Snorg
 12289 | Lair:3   | Killed Snorg
 12289 | Lair:3   | Reached skill level 10 in Staves
 13139 | Lair:3   | Noticed a six-headed hydra
 13150 | Lair:3   | Killed a six-headed hydra
 13327 | Lair:3   | Reached skill level 10 in Fighting
 13339 | Lair:3   | Received a gift from Okawaru
 13443 | Lair:3   | Got a twisted crystal plate armour {god gift}
 13454 | Lair:3   | Identified the +9 crystal plate armour of the Fisher {Int+3} (Okawaru gifted it to you on level 3 of the Lair of Beasts)
 13533 | Lair:4   | Reached XP level 12. HP: 105/105 MP: 13/13
 13779 | Lair:4   | Found a staircase to the Shoals.
 13788 | Shoals:1 | Entered Level 1 of the Shoals
 13797 | Shoals:1 | Reached skill level 11 in Staves
 13819 | Shoals:1 | Found a frozen archway.
 13912 | Shoals:1 | Reached skill level 10 in Armour
 14101 | IceCv    | Entered an ice cave
 14391 | IceCv    | Got a dazzling arbalest
 14393 | IceCv    | Identified the +7 arbalest of Execution {venom, MR+ Dex+3} (You found it in an ice cave)
 15389 | IceCv    | HP: 5/108 [harpy simulacrum (4)]
 15389 | IceCv    | Slain by a harpy simulacrum

Vault maps used:
D:1:      lightli_arrival_statuegarden, amethyst_killhole
D:2:      first_bread, uniq_crazy_yiuf_cottage
D:3:      ashenzari_altar_1, minmay_misc_feat_more_columns, kennysheep_boxes,
          uniq_jessica, uniq_iyjb
D:4:      old_forge, elyvilon_altar_1, nicolae_overflow_hidden_temple,
          temple_fountains, hangedman_glass_teeth, uniq_eustachio
D:5:      uniq_pikel
D:6:      bloody_trog, overflow_temple_1_default, grunt_qazlal_clouds,
          minivault_19, uniq_blork_the_orc
D:7:      grunt_gozag_breadcrumbs, the_bakery
D:8:      serial_park_tiny_2
D:9:      dpeg_oklobed_lair
Lair:1:   minivault_19, grunt_megastairs_2, infiniplex_staircase_pool_2
Lair:2:   grunt_megastairs_5
Lair:3:   serial_bayou_shore_b, uniq_snorg
Lair:4:   minmay_shoals_entry_lonely_mermaid, special_room, grunt_megastairs_4
Shoals:1: portal_ice_cave_entry_ice_beasts
IceCv:    ice_cave_caverns_02

Action                   |  1- 3 |  4- 6 |  7- 9 | 10-12 || total
-------------------------+-------+-------+-------+-------++-------
Melee: Unarmed           |    10 |       |       |       ||    10
       Whip              |    91 |       |       |       ||    91
       Quarterstaff      |       |   123 |   311 |   738 ||  1172
Throw: Tomahawk          |       |       |       |     2 ||     2
Invok: Heroism           |       |       |     3 |    14 ||    17
       Finesse           |       |       |       |    10 ||    10
 Abil: Blink             |       |       |     1 |       ||     1
Evoke: Wand              |       |       |       |     7 ||     7
  Use: Potion            |     6 |     2 |     4 |     7 ||    19
       Scroll            |     5 |     5 |     4 |    18 ||    32
 Stab: Sleeping          |     3 |       |     1 |       ||     4
       Invisible         |     1 |       |       |       ||     1
       Paralysed         |       |       |     4 |       ||     4
       Petrifying        |       |       |     1 |       ||     1
  Eat: Chunk             |     1 |     3 |    17 |    32 ||    53
       Bread ration      |       |     1 |     1 |       ||     2
       Meat ration       |       |       |     1 |       ||     1
